 Dungeon Crawl Stone Soup version 0.31.0-32-g396128a36d (webtiles) character file.

Game seed: 2122192750996250562

140 newgorp the Magician (level 5, -3/37 HPs)
             Began as a Human Hedge Wizard on Apr 14, 2024.
             Slain by Pikel
             ... wielding a +1 whip of electrocution
              (11 damage)
             ... on level 4 of the Dungeon.
             The game lasted 00:14:48 (4123 turns).

newgorp the Magician (Human Hedge Wizard)           Turns: 4123, Time: 00:14:49

Health: -3/37      AC:  5    Str: 10    XL:     5   Next: 23%
Magic:  1/10       EV:  9    Int: 17    God:
Gold:   112        SH:  0    Dex: 12    Spells: 2/11 levels left

rFire   . . .        b - +0 orcbow
rCold   . . .        (shield currently unavailable)
rNeg    . . .        d - +0 robe
rPois   .            c - +0 hat
rElec   .            (no cloak)
rCorr   .            p - +0 pair of gloves
SInv    .            n - +1 pair of boots
Will    .....        (no amulet)
Stlth   ++           (no ring)
HPRegen 0.26/turn    (no ring)
MPRegen 0.12/turn

%: no passive effects
@: constricted
A: explore regen
a: no special abilities


You were on level 4 of the Dungeon.
You visited 2 branches of the dungeon, and saw 5 of its levels.

You collected 112 gold pieces.

Inventory:

Hand Weapons
 a - a +0 short sword
 b - a +0 orcbow (weapon)
 j - a +0 dagger
 r - a +0 flail
 s - a +0 hand axe
Missiles
 k - 37 stones
 u - 6 boomerangs
Armour
 c - a +0 hat (worn)
 d - a +0 robe (worn)
 l - a +0 leather armour
 n - a +1 pair of boots (worn)
 p - a +0 pair of gloves (worn)
Talismans
 t - a blade talisman
Scrolls
 g - a scroll of revelation
Potions
 e - a potion of brilliance {unknown}
 f - 2 potions of resistance
 h - a potion of haste {unknown}
 i - a potion of degeneration {unknown}
 m - 2 potions of curing {unknown}
 o - a potion of enlightenment {unknown}


   Skills:
 + Level 1.2 Fighting
 + Level 0.4 Short Blades
 + Level 2.3 Ranged Weapons
 + Level 2.1 Dodging
 + Level 2.2 Stealth
 + Level 3.7 Spellcasting
 + Level 1.3 Conjurations
 + Level 1.1 Summonings
 + Level 1.2 Translocations
 + Level 0.1 Air Magic
 + Level 1.1 Alchemy


You had 2 spell levels left.
You knew the following spells:

 Your Spells              Type           Power      Damage    Failure   Level
a - Magic Dart            Conj           28%        1d4       10%         1
b - Call Imp              Summ           14%        N/A       16%         2
c - Mephitic Cloud        Conj/Alch/Air  6%         N/A       32%         3
d - Blink                 Tloc           14%        N/A       14%         2
e - Slow                  Hex            12%        N/A       16%         1

Your spell library contained the following spells:

 Spells                   Type           Power      Damage    Failure   Level
 Cigotuvi's Dreadful Rot  Necr/Alch/Air  8%         N/A       21%         2


Dungeon Overview and Level Annotations

Branches:
Dungeon (4/15)             Temple (1/1) D:4

Altars:
Ashenzari
Dithmenos
Elyvilon
Fedhas
Gozag
Hepliaklqana
Kikubaaqudgha
Nemelex Xobeh
Qazlal
Ru
Trog
Wu Jian
Xom
Zin
The Shining One

Annotations:
D:4 Pikel


Innate Abilities, Weirdness & Mutations

You regain HP and MP as you explore.


Message History

Casting: Mephitic Cloud (quite dangerous; 32% risk of failure)
Confirm with . or Enter, or press ? or * to list all spells.
A tiny devil pulls itself out of the air.
You swap places.
Pikel says, "I touched Geryon's horn once."
Pikel zaps a wand.
The mass of ice explodes!
The iceblast engulfs your cerulean imp!!
Your cerulean imp dies!
Your cerulean imp disappears in a puff of smoke!
The iceblast engulfs you!
* * * LOW HITPOINT WARNING * * *
You hear an angry hiss.
Okay, then.
As you read the scroll of fog, it dissolves into smoke.
A ball python comes into view.
The ball python misses you. The ball python grabs you.
The ball python constricts you.
Casting: Call Imp (safe; 16% risk of failure)
Confirm with . or Enter, or press ? or * to list all spells.
You don't have enough magic to cast this spell.
Fire: b) +0 orcbow
Press: ? - help, Q - select action, (/) - cycle Shift-Dir - straight line, f/p - Pikel
Aim: Pikel, wielding a +1 whip of electrocution, wearing a +0 robe and carrying a wand of iceblast (black smoke, heavily wounded, 37% to hit)
You shoot an arrow. The arrow hits Pikel.
Pikel is severely wounded.
The ball python bites you.
* * * LOW HITPOINT WARNING * * *
The ball python constricts you.
* * * LOW HITPOINT WARNING * * *
The ball python bites you but does no damage.
The ball python constricts you.
* * * LOW HITPOINT WARNING * * *
Fire: b) +0 orcbow
Press: ? - help, Q - select action, (/) - cycle Shift-Dir - straight line, f/p - Pikel
Aim: Pikel, wielding a +1 whip of electrocution, wearing a +0 robe and carrying a wand of iceblast (black smoke, severely wounded, 37% to hit)
You shoot an arrow. The arrow hits Pikel.
Pikel is severely wounded.
Pikel hits you with a +1 whip of electrocution!
You die...
Pikel says, "See you in Hell!"

........#..............#......
.................#.....#).....
...................#####..)...
...................# ##.)...
..................## #).<...
###.....###.#.##### #......
####### #.#.# #.#.... #.#S#
#.##### #.#@# #...... #.#K#
####### ..#§# ###§# #§# #§#
#§# #.# #.#


You could see Pikel and a ball python.

Vanquished Creatures
  A lemure (D:4)
  An orc wizard (D:4)
  3 adders
  2 ribbon worms (D:2)
  8 orcs
  4 endoplasms
  3 giant cockroaches
  4 goblins
  4 hobgoblins
  4 jackals (D:3)
  2 quokkas
  8 ball pythons
  5 bats
  2 frilled lizards (D:2)
  6 kobolds
  6 rats
63 creatures vanquished.

Vanquished Creatures (collateral kills)
  A bat (D:1)
  2 endoplasms
  2 hobgoblins
  A quokka (D:1)
  2 frilled lizards
  A kobold (D:1)
9 creatures vanquished.

Grand Total: 72 creatures vanquished

Notes
Turn   | Place    | Note
-------+----------+-------------------------------------------
     0 | D:1      | newgorp the Human Hedge Wizard began the quest for the Orb.
     0 | D:1      | Reached XP level 1. HP: 13/13 MP: 4/4
   447 | D:1      | Reached XP level 2. HP: 19/19 MP: 1/6
   495 | D:1      | Learned a level 2 spell: Call Imp
   498 | D:1      | Learned a level 2 spell: Blink
  1152 | D:1      | Reached XP level 3. HP: 22/24 MP: 0/8
  1327 | D:1      | Learned a level 3 spell: Mephitic Cloud
  1329 | D:1      | Learned a level 1 spell: Slow
  1609 | D:2      | Reached skill level 1 in Alchemy
  2079 | D:2      | Found a hazy altar of Hepliaklqana.
  2145 | D:2      | Reached XP level 4. HP: 28/31 MP: 7/9
  2567 | D:3      | Found a white marble altar of Elyvilon.
  2577 | D:3      | Reached skill level 1 in Ranged Weapons
  2651 | D:3      | Found an opulent altar of Gozag.
  2916 | D:3      | Found a faded altar of an unknown god.
  3802 | D:4      | Reached skill level 1 in Fighting
  3802 | D:4      | Reached XP level 5. HP: 37/37 MP: 1/10
  3982 | D:4      | Found a staircase to the Ecumenical Temple.
  3994 | Temple   | Entered the Ecumenical Temple
  4059 | D:4      | Noticed Pikel
  4059 | D:4      | Noticed a lemure
  4059 | D:4      | Noticed a lemure
  4063 | D:4      | Noticed a lemure
  4072 | D:4      | Killed a lemure
  4123 | D:4      | Slain by Pikel

Illustrated notes

Levels and vault maps discovered:
D:1:      dpeg_arrival_radiant, layout_rooms, due_unseen_surprise
D:2:      layout_rooms, basic_altar
D:3:      layout_basic, elyvilon_altar_4, mainiacjoe_overflow_boulevard,
          dreamdust_ecumenical_altar_grove, portal_sewer_entry_b
D:4:      layout_basic, vehumet_altar_wand_db, minmay_temple_entry_slanted,
          minmay_strange_pillars, uniq_eustachio, uniq_menkaure, uniq_pikel
Temple:   nicolae_temple_ecumenical_triangle

Skill      XL: |  1  2  3  4 |
---------------+-------------+-----
Alchemy        | 1 |  1.1
Ranged Weapons | 2 |  2.3
Fighting       | 1 |  1.2
Short Blades   | |  0.4
Dodging        | |  2.1
Stealth        | |  2.2
Spellcasting   | |  3.7
Conjurations   | |  1.3
Summonings     | |  1.1
Translocations | |  1.2
Air Magic      | |  0.1

Action                     |  1- 3 |  4- 6 || total
---------------------------+-------+-------++-------
  Melee: Dagger            |     8 |       ||     8
         Short sword       |    34 |       ||    34
   Fire: Orcbow            |    40 |    91 ||   131
   Cast: Magic Dart        |    34 |     3 ||    37
         Blink             |     8 |     2 ||    10
         Call Imp          |     8 |     3 ||    11
         Mephitic Cloud    |     4 |     9 ||    13
         Slow              |     1 |     1 ||     2
    Use: Potion            |     1 |       ||     1
         Scroll            |       |     8 ||     8
 Armour: Robe              |    27 |    36 ||    63
  Dodge: Dodged            |    43 |    15 ||    58
